Map: [ESL] Equilibrium

Players

ShoWTimE - Winner!

  • Race: Protoss Protoss
  • Spawn Location: 11:00

HeroMarine

  • Race: Terran Terran
  • Spawn Location: 1:00

Event: ESL SC2 Masters 2023 Winter (Regional)

VOD

Have the link to the VOD?

Description

Time

  • Played on: Nov. 10, 2023, 9:52 a.m.
  • Length: 8:25

All games in this series

Show
View Real Time Build Order
Export as new Build Order

ShoWTimE Protoss - Winner!

Build Orders: 1 Gate Expand, Oracle Opening, Phoenix Opening, Zealot Archon 

Get SALT Encoding   

  12  0:00  Probe  
  13  0:12  Probe  
  14  0:16  Pylon  
  14  0:24  Probe  
  15  0:34  Gateway  
  15  0:36  Probe (Chrono Boost)  
  16  0:46  Assimilator, Probe (Chrono Boost)  
  17  0:51  Probe (Chrono Boost)  
  18  1:03  Probe  
  19  1:15  Probe  
  20  1:23  Cybernetics Core  
  20  1:31  Nexus  
  20  1:34  Probe  
  21  1:42  Pylon  
  21  1:46  Probe  
  22  1:50  Assimilator  
  22  1:57  Adept (Chrono Boost)  
  22  1:58  Probe  
  25  2:07  Shield Battery  
  25  2:11  Probe  
  26  2:18  Adept (Chrono Boost)  
  28  2:23  Probe  
  29  2:32  Stargate  
  29  2:35  Probe, Warp Gate  
  30  2:43  Adept  
  32  2:45  Probe  
  32  2:49  Probe  
  34  2:59  Shield Battery, Probe  
  34  3:01  Probe  
  36  3:11  Probe  
  37  3:13  Probe  
  37  3:14  Oracle (Chrono Boost)  
  37  3:17  Pylon  
  41  3:23  Probe  
  41  3:26  Probe  
  43  3:35  Probe  
  43  3:36  Gateway  
  43  3:38  Probe  
  45  3:43  Gateway  
  45  3:45  Phoenix  
  45  3:47  Probe  
  48  3:50  Probe  
  48  3:52  Unknown  
  49  4:00  Pylon, Probe  
  49  4:01  Pylon  
  49  4:02  Probe  
  51  4:12  Probe  
  51  4:13  Phoenix  
  51  4:19  Nexus  
  51  4:21  Probe  
  51  4:24  Probe  
  53  4:30  Sentry x2  
  57  4:34  Gateway, Forge  
  57  4:36  Twilight Council, Probe  
  57  4:37  Probe  
  59  4:43  Phoenix  
  61  4:50  Gateway  
  61  4:52  Protoss Ground Armor Level 1 (Chrono Boost), Probe  
  62  4:53  Shield Battery  
  62  4:54  Probe  
  63  5:01  Gateway  
  63  5:04  Probe  
  63  5:06  Probe  
  65  5:13  Gateway, Charge (Chrono Boost)  
  65  5:16  Probe, Adept  
  65  5:19  Probe  
  68  5:28  Probe  
  68  5:31  Probe  
  68  5:32  Phoenix  
  68  5:34  Probe  
  68  5:35  Pylon  
  73  5:41  Probe  
  74  5:43  Probe  
  74  5:45  Gateway  
  74  5:47  Sentry  
  74  5:49  Gateway  
  77  5:50  Probe  
  77  5:51  Pylon  
  77  5:56  Zealot x3  
  84  5:59  Pylon  
  84  6:06  Robotics Facility  
  84  6:09  Phoenix  
  84  6:10  Gateway  
  86  6:13  Zealot x3  
  86  6:16  Pylon  
  92  6:20  Templar Archives  
  90  6:36  Zealot x7  
  104  6:41  Zealot, Pylon  
  106  6:48  Pylon  
  106  6:55  Observer  
  106  6:56  Pylon  
  106  6:57  High Templar  
  106  7:00  High Templar, Zealot x3, Pylon  
  117  7:02  Pylon  
  117  7:04  Archon  
  117  7:06  Zealot x3  
  123  7:09  Pylon  
  123  7:16  Zealot x2  
  123  7:22  Pylon  
  125  7:31  Zealot x7  
  125  7:34  Probe  
  128  7:46  Zealot x3  
  120  7:55  Zealot x2, Stalker x5  
  132  8:07  Nexus  
  128  8:16  Zealot x5  
  118  8:22  Zealot x3  
Show
View Real Time Build Order
Export as new Build Order

HeroMarine Terran 

Build Orders:  

Get SALT Encoding   

  12  0:00  SCV  
  13  0:12  SCV  
  14  0:17  Supply Depot  
  14  0:24  SCV  
  15  0:38  SCV  
  15  0:39  Barracks  
  16  0:44  Refinery  
  16  0:50  SCV  
  16  0:54  Refinery  
  17  1:03  SCV  
  18  1:15  SCV  
  19  1:27  SCV  
  20  1:37  Reaper  
  20  1:39  Orbital Command  
  21  1:48  Factory  
  21  1:50  Supply Depot  
  21  2:04  SCV  
  22  2:16  SCV  
  23  2:23  Command Center  
  23  2:28  SCV  
  24  2:33  Factory Reactor  
  24  2:36  Starport  
  24  2:40  SCV  
  24  2:43  Supply Depot  
  25  2:53  SCV  
  26  3:05  SCV  
  27  3:11  Widow Mine x2  
  31  3:15  Medivac  
  31  3:17  SCV  
  34  3:29  SCV  
  35  3:40  Factory Tech Lab, Marine x2  
  37  3:41  SCV  
  37  3:47  Command Center  
  37  3:49  Starport Tech Lab  
  37  3:50  Viking  
  37  3:53  SCV  
  40  3:59  Marine x2  
  42  4:04  Orbital Command  
  42  4:05  SCV  
  43  4:11  Cyclone  
  44  4:17  SCV  
  44  4:20  Marine x2  
  47  4:27  Starport Tech Lab  
  47  4:29  SCV  
  47  4:31  SCV  
  49  4:32  Supply Depot  
  49  4:33  Barracks  
  49  4:42  SCV  
  49  4:43  SCV  
  53  4:49  Raven  
  53  4:54  Siege Tank, SCV  
  53  4:55  SCV  
  53  4:58  Barracks  
  53  4:59  Orbital Command  
  58  5:01  Marine  
  58  5:03  Marine  
  58  5:06  SCV  
  61  5:07  SCV  
  62  5:18  SCV  
  62  5:19  Marine, SCV  
  62  5:21  Marine  
  65  5:26  SCV  
  67  5:30  Refinery, SCV, Engineering Bay  
  67  5:31  SCV  
  67  5:34  Barracks, Stimpack  
  67  5:36  Marine  
  67  5:37  Factory Reactor, Marine  
  67  5:38  SCV  
  67  5:39  Marine  
  67  5:42  SCV  
  72  5:43  Starport Reactor, SCV  
  72  5:45  Barracks  
  73  5:50  Supply Depot  
  73  5:52  Supply Depot  
  73  5:54  SCV  
  73  5:56  Terran Infantry Weapons Level 1, Marine  
  73  5:57  Orbital Command, Marine  
  76  5:58  Marine  
  76  6:03  Refinery  
  76  6:04  Combat Shield  
  77  6:08  SCV  
  77  6:09  Missile Turret  
  77  6:11  SCV, Marine  
  77  6:12  Missile Turret  
  83  6:18  Widow Mine x2  
  83  6:19  Missile Turret  
  83  6:20  SCV  
  83  6:23  SCV  
  85  6:26  Supply Depot  
  85  6:27  Supply Depot  
  85  6:28  SCV  
  85  6:31  Marauder  
  85  6:32  SCV, Marauder  
  87  6:35  SCV  
  87  6:38  Medivac  
  87  6:39  Medivac  
  93  6:45  SCV x2  
  93  6:47  Barracks Reactor  
  95  6:48  SCV  
  95  6:50  Widow Mine  
  95  6:51  Widow Mine  
  95  6:54  Barracks Tech Lab  
  100  6:55  Supply Depot  
  100  6:57  SCV x2  
  100  6:58  Missile Turret  
  100  7:00  SCV  
  103  7:02  Marauder  
  103  7:04  Marauder  
  107  7:09  Orbital Command, SCV x2  
  107  7:11  Armory  
  107  7:12  SCV  
  107  7:14  Engineering Bay  
  110  7:18  Medivac  
  110  7:20  Medivac  
  110  7:22  SCV  
  116  7:23  Marauder  
  116  7:24  SCV  
  113  7:34  Marauder x2, SCV  
  113  7:36  SCV, Marine  
  92  7:45  Marine, SCV, Marauder  
  92  7:46  Marine  
  92  7:48  Marine  
  92  7:54  Marine  
  92  7:55  Marauder  
  92  7:56  Marauder  
  93  8:07  Marine x2  
Tags
 
Add a new tag
Caveats
  • Supply blocks, unpowered buildings, or Contaminate may cause inaccurate times.
  • Supply counts are checked every 10 seconds.